 Dungeon Sprint DCSS version 0.27-a0-1232-gc6a4cbde82 (webtiles) character file.

Game seed: 14327563613294209606

24 rocky1 the Shield-Bearer (level 3, -1/29 HPs)
             Began as a Formicid Fighter on June 9, 2021.
             Drowned by a water elemental (8 damage)
             ... in the Dungeon (Sprint III: "The Ten Rune Challenge").
             The game lasted 00:01:00 (483 turns).

rocky1 the Shield-Bearer (Formicid Fighter)          Turns: 483, Time: 00:01:01

Health: -1/29      AC:  6    Str: 21    XL:     3   Next: 15%
Magic:  3/3        EV:  8    Int:  7    God:
Gold:   25         SH: 10    Dex: 10    Spells: 2/2 levels left

rFire    . . .     SeeInvis +   a - +0 long sword
rCold    . . .     Faith    .   c - +0 kite shield
rNeg     . . .     Spirit   .   b - +0 scale mail
rPois    .         Reflect  .   (helmet unavailable)
rElec    .         Harm     .   h - scarf {repulsion}
rCorr    .         Rampage  .   (no gloves)
Will     .....                  (no boots)
Stlth    ..........             (no amulet)
HPRegen  0.09/turn              (no ring)
MPRegen  0.08/turn              (no ring)

@: mighty, engulfed (cannot breathe), repel missiles
A: permanent stasis, dig shafts and tunnels, antennae 3, four strong arms
a: Dig


You were in the Dungeon.
You visited 1 branch You collected 25 gold pieces.

Inventory:

Hand Weapons
 a - a +0 long sword (weapon)
Armour
 b - a +0 scale mail (worn)
 c - a +0 kite shield (worn)
 h - a scarf of repulsion (worn)
Scrolls
 i - a scroll of holy word {unknown}
 j - 3 scrolls of identify
 l - a scroll of immolation {unknown}
Potions
 d - a potion of might
 e - a potion of curing
 f - a potion of heal wounds
 g - 2 potions of magic
 k - 2 potions of flight
 m - a potion of haste {unknown}
 n - 4 potions of mutation


   Skills:
 - Level 3.2 Fighting
 + Level 4.4 Long Blades
 - Level 3.2 Armour
 + Level 6.0 Shields


You had 2 spell levels left.
You didn't know any spells.
Your spell library was empty.

Dungeon Overview and Level Annotations

Branches:
Dungeon (1/1)

Altars:


Innate Abilities, Weirdness & Mutations

You cannot be hasted, slowed, berserked, paralysed or teleported.
You can dig through walls and to a lower floor.
You have a pair of large antennae on your head. (SInv)
Your four strong arms can wield two-handed weapons with a shield.


Message History

You hit the phantom.
The phantom is severely damaged.
You block the phantom's attack. The phantom hits you.
You closely miss the phantom.
The phantom is severely damaged.
The phantom closely misses you.
You hit the phantom.
You destroy the phantom!
Your Shields skill increases to level 6!
You open the door.
Found 19 gold pieces and 2 potions of mutation.
There is an open door here.
You now have 21 gold pieces (gained 15).
i - a scroll labelled FEWEIGYEGG;
j - 2 scrolls of identify
k - 2 potions of flight
Things that are here:
a potion of mutation; 2 potions of mutation
l - a scroll labelled INOQIS PYRPH;
j - 3 scrolls of identify (gained 1)
m - a bubbling red potion;
d - 2 potions of might (gained 1)
You see here a potion of mutation.
You now have 25 gold pieces (gained 4).
Things that are here:
a potion of mutation; 2 potions of mutation
n - a potion of mutation;
n - 3 potions of mutation (gained 2)
n - 4 potions of mutation (gained 1)
Okay, then.
There is an open door here.
You open the door.
A water elemental comes into view.
You feel very mighty all of a sudden.
You closely miss the water elemental. The water elemental hits you!
The water elemental engulfs you in water!
You block the water elemental's attack.
Your scale mail prevents you from hitting the water elemental.
Your lungs strain for air!
The water elemental hits you.
* * * LOW HITPOINT WARNING * * *
You slice the water elemental!!
The water elemental is severely damaged.
You die...

▓▓▓▓▓▓▓▓ ▓▓▓ <..#...####
##.# ...#......#####..#
..##.......#..#..#{
##.##.##...#..#..# #+#+#
##.##.###..##'#..#......
#.####.##..###..@E.⌠....
.###..##.÷####...#...###
#.....##..###....# ⌠.#
###..##...##.....# .#
##..##....#......# #
#..###..##.#.....# {{
#..# #.. ####....# ▓▓▓▓
▓▓▓ ▓▓▓▓▓▓ { {


You could see a water elemental.

Vanquished Creatures
  A human (D)
  A phantom (D)
  An endoplasm (D)
  3 rats (D)
6 creatures vanquished.

Vanquished Creatures (others)
  2 plants (D)
2 creatures vanquished.

Grand Total: 8 creatures vanquished

Notes
Turn   | Place    | Note
-------+----------+-------------------------------------------
     0 | D        | rocky1 the Formicid Fighter began the quest for the Orb.
     0 | D        | Reached XP level 1. HP: 18/18 MP: 1/1
    10 | D        | Reached skill level 4 in Shields
   174 | D        | Reached skill level 5 in Shields
   174 | D        | Reached XP level 2. HP: 3/24 MP: 2/2
   174 | D        | Reached XP level 3. HP: 4/29 MP: 3/3
   452 | D        | Reached skill level 6 in Shields
   479 | D        | Noticed a water elemental
   483 | D        | Drowned by a water elemental

Illustrated notes

Levels and vault maps discovered:
D:        dungeon_sprint_mu [sprint_mu_entry_cave, sprint_mu_temple_rooms,
          sprint_mu_d1_horrors, sprint_mu_d2_genie, sprint_mu_d3_branching,
          sprint_mu_orc_legion, sprint_mu_elf_gauntlet, sprint_mu_hive_nellie,
          sprint_mu_lair_fedhas, sprint_mu_vaults_butterflies,
          sprint_mu_slime_circle, sprint_mu_swamp_cave, sprint_mu_snake_twists,
          sprint_mu_blade_basic, sprint_mu_crypt_chambers,
          sprint_mu_tomb_spiral, sprint_mu_vestibule_basic,
          sprint_mu_gehenna_hellfire, sprint_mu_dis_giant,
          sprint_mu_tartarus_statrot, sprint_mu_cocytus_islands, sprint_mu_zot1]

Skill      XL: |  1  2  3 |
---------------+----------+-----
Shields        | 5 6 |  6.0
Long Blades    | 4 |  4.4
Fighting       | |  3.2
Armour         | |  3.2

Action                   || total
-------------------------++-------
Melee: Long sword        ||    25
  Use: Potion            ||     1
Armor: Scale mail        ||     2
Dodge: Dodged            ||     7
Block: Kite shield       ||    13
       Rpst.: Long sword ||     2

Table legend: (Time is in decaauts)
 A = Elapsed time spent in this place.
 B = Non-inter-level travel time spent in this place.
 C = Inter-level travel time spent in this place.
 D = Time resting spent in this place.
 E = Time spent auto-exploring this place.
 F = Levels seen in this place.
 G = Mean time per level.
                   A        B        C        D        E       F      G
               +--------+--------+--------+--------+--------+-----+--------+
         Total |    492 |    492 |      0 |    370 |      0 |   1 |  492.0 |
       Dungeon |    492 |    492 |      0 |    370 |      0 |   1 |  492.0 |
               +--------+--------+--------+--------+--------+-----+--------+

Top non-repeatable levels by time:
       D: 492 daAuts
